 Dungeon Crawl Stone Soup version 0.32-a0-913-g739538afd8 (webtiles) character file.

Game seed: 9638631591038375244

176 BenSoosneb the Vexing (level 5, -1/24 HPs)
             Began as a Spriggan Enchanter on Apr 8, 2024.
             Slain by a yak (16 damage)
             ... on level 4 of the Dungeon.
             The game lasted 00:19:43 (4351 turns).

BenSoosneb the Vexing (Spriggan Enchanter)          Turns: 4351, Time: 00:19:43

Health: -1/24      AC:  3    Str:  2 (4)  XL:     5   Next: 30%
Magic:  7/10       EV: 16    Int: 18      God:
Gold:   188        SH:  0    Dex: 16      Spells: 2/10 levels left

rFire   . . .        h - +0 dagger (venom)
rCold   . . .        (no shield)
rNeg    + . .        b - +1 robe
rPois   +            (helmet restricted)
rElec   .            (no cloak)
rCorr   .            (gloves unavailable)
SInv    +            (boots unavailable)
Will    .....        (no amulet)
Stlth   +++          f - ring of poison resistance
HPRegen 0.24/turn    i - ring of positive energy
MPRegen 0.12/turn

%: no passive effects
@: very quick
A: very small, no large weapons, unfitting armour, see invisible, speed 3
a: no special abilities


You were on level 4 of the Dungeon.
You visited 1 branch of the dungeon, and saw 4 of its levels.

You collected 188 gold pieces.

Inventory:

Hand Weapons
 a - a +1 dagger
 h - a +0 dagger of venom (weapon)
Armour
 b - a +1 robe (worn)
Jewellery
 f - a ring of poison resistance (left hand)
 i - a ring of positive energy (right hand)
Wands
 r - a wand of flame (14)
Scrolls
 d - a scroll of fear
 e - 2 scrolls of teleportation
 g - a scroll of poison
 j - a scroll of identify
 l - a scroll of enchant armour
 o - a scroll of immolation {unknown}
 p - a scroll of blinking {unknown}
Potions
 c - 3 potions of invisibility
 k - 2 potions of curing
 m - a potion of cancellation
 n - a potion of attraction
 q - a potion of haste {unknown}


   Skills:
 * Level 3.2 Short Blades
 - Level 2.6 Dodging
 * Level 5.6 Stealth
 - Level 3.0 Spellcasting
 + Level 5.6 Hexes


You had 2 spell levels left.
You knew the following spells:

 Your Spells              Type           Power      Damage    Failure   Level
a - Ensorcelled Hibernat  Hex/Ice        24%        N/A       8%          2
b - Confusing Touch       Hex            22%        N/A       4%          3
c - Tukima's Dance        Hex            22%        N/A       4%          3

Your spell library contained the following spells:

 Spells                   Type           Power      Damage    Failure   Level
 Dazzling Flash           Conj/Hex       24%        N/A       16%         3


Dungeon Overview and Level Annotations

Branches:
Dungeon (4/15)
 Temple: D:4-7

Altars:

Annotations:
D:3 1 runed translucent door, Crazy Yiuf, Grinder


Innate Abilities, Weirdness & Mutations

You are very small and have problems with some larger weapons.
You are too small for most types of armour.
You have supernaturally acute eyesight. (SInv)
You cover ground extremely quickly. (Speed+++)


Message History

Found a stone staircase leading up.
Found a stone staircase leading down.
A yak comes into view.
The yak bellows!
A yak comes into view.
A yak comes into view.
Things that are here:
a +0 whip; a gnoll corpse You open the door.
There is an open door here.
A yak comes into view.
You open the door.
There is an open door here.
There is an open door here.
Things that are here:
a +4 club; a +0 leather armour; a jackal skeleton
There is a stone staircase leading down here.
Casting: Ensorcelled Hibernation (safe; 8% risk of failure)
Confirm with . or Enter, or press ? or * to list all spells.
Aiming: Ensorcelled Hibernation (safe; 8% risk of failure)
Press: ? - help, Shift-Dir - straight line, f - yak
Aim: a yak (chance to affect: 46%)
The yak resists with some effort.
The yak gores you!
Sorry, you're not good enough to have a special ability.
Unknown command.
Casting: Ensorcelled Hibernation (safe; 8% risk of failure)
Confirm with . or Enter, or press ? or * to list all spells.
Aiming: Ensorcelled Hibernation (safe; 8% risk of failure)
Press: ? - help, Shift-Dir - straight line, f/p - yak
Aim: a yak (chance to affect: 46%)
The yak looks drowsy...
The helpless yak fails to defend itself.
You impale the yak!!
The yak is poisoned.
The yak is severely wounded.
The yak closely misses you.
The yak bellows!
You hear a bellow!
The yak gores you!
Ouch! That really hurt!
You die...

....####...........##
#...# ###.#..............#
###.#.# #.#.........)#####
#...#.# #.#..........#
####.#...# #.'.........)#
#....#.###
###........Y.######.##<..#
##+####...###.....######
##.####.#.###.#####
#.......)...@..#
#.##.##.##.Y...#
#.##....#......#
#.##...Y#....Y.#
#.##.##.Y......#
####.##'##........###
#........#..........#
#........#.#....###.#
#........#.####Y# #.#


You could see 3 yaks.

Vanquished Creatures
  A hound (D:4)
  Ijyb (D:4)
  4 gnolls
  3 dart slugs
  4 ball pythons
  5 bats
  4 endoplasms
  4 giant cockroaches
  5 hobgoblins
  15 jackals
  6 kobolds
  4 quokkas
  4 frilled lizards
  5 goblins
  5 rats
70 creatures vanquished.

Notes
Turn   | Place    | Note
-------+----------+-------------------------------------------
     0 | D:1      | BenSoosneb the Spriggan Enchanter began the quest for the
                  | Orb.
     0 | D:1      | Reached XP level 1. HP: 9/9 MP: 5/5
   134 | D:1      | Reached XP level 2. HP: 13/13 MP: 6/6
   137 | D:1      | Learned a level 2 spell: Ensorcelled Hibernation
   908 | D:1      | Reached XP level 3. HP: 16/16 MP: 8/8
   909 | D:1      | Reached skill level 5 in Hexes
  2666 | D:3      | Noticed Grinder
  2681 | D:3      | Paralysed by Grinder for 2 turns
  2823 | D:2      | Learned a level 3 spell: Confusing Touch
  2908 | D:3      | Reached XP level 4. HP: 21/21 MP: 6/9
  3489 | D:3      | Found a runed translucent door.
  3490 | D:3      | Noticed Crazy Yiuf
  3546 | D:3      | Found a faded altar of an unknown god.
  3957 | D:4      | Reached skill level 5 in Stealth
  3964 | D:4      | Learned a level 3 spell: Tukima's Dance
  4024 | D:4      | Noticed Ijyb
  4040 | D:4      | Killed Ijyb
  4041 | D:4      | Reached XP level 5. HP: 15/24 MP: 4/10
  4268 | D:4      | Noticed a yak
  4268 | D:4      | Noticed a yak
  4273 | D:4      | Noticed a yak
  4299 | D:4      | Noticed a yak
  4351 | D:4      | Slain by a yak

Illustrated notes

Levels and vault maps discovered:
D:1:      dpeg_arrival_arbitrary_b, layout_loops_ring, serial_bayou,
          serial_bayou_pond_e, serial_bayou_ford_a, serial_bayou_crossing,
          serial_bayou_shore_a
D:2:      layout_basic, minmay_close_crescents
D:3:      layout_basic, hellmonk_ecumenical_altar_pennies_from_heaven,
          minmay_misc_feat_ornament, uniq_crazy_yiuf_cottage, uniq_grinder
D:4:      layout_basic, feat_on_display, uniq_ijyb

Skill      XL: |  1  2  3  4 |
---------------+-------------+-----
Hexes          | 4 5 |  5.6
Spellcasting   | 3 |  3.0
Short Blades   | 2 3 |  3.2
Stealth        | 5 |  5.6
Dodging        | |  2.6

Action                     |  1- 3 |  4- 6 || total
---------------------------+-------+-------++-------
  Melee: Dagger            |   109 |    75 ||   184
   Cast: Ensorcelled Hiber |    23 |    21 ||    44
    Use: Potion            |     5 |       ||     5
         Scroll            |     6 |     2 ||     8
   Stab: Sleeping          |    22 |    12 ||    34
 Armour: Robe              |    37 |    18 ||    55
  Dodge: Dodged            |    80 |    61 ||   141

Table legend: (Time is in decaauts)
 A = Elapsed time spent in this place.
 B = Non-inter-level travel time spent in this place.
 C = Inter-level travel time spent in this place.
 D = Time resting spent in this place.
 E = Time spent auto-exploring this place.
 F = Levels seen in this place.
 G = Mean time per level.
                   A        B        C        D        E       F      G
               +--------+--------+--------+--------+--------+-----+--------+
         Total |   3401 |   3331 |     70 |   1287 |   1369 |   4 |  850.2 |
       Dungeon |   3401 |   3331 |     70 |   1287 |   1369 |   4 |  850.2 |
               +--------+--------+--------+--------+--------+-----+--------+

Top non-repeatable levels by time:
     D:1: 1103 daAuts
     D:2: 1005 daAuts
     D:3: 858 daAuts
     D:4: 434 daAuts
